 Dungeon Crawl Stone Soup version bcrawl-1.40.2 (webtiles) character file.

Game seed: 5468454485556158355

235699 kosoiffoigrumme1174 the Ducker (level 8, -1/51 HPs)
             Began as a Mana Stalker Monk on Nov 7, 2023.
             Slain by a bullfrog (3 damage)
             ... in a sewer.
             The game lasted 00:08:04 (4744 turns).

kosoiffoigrumme1174 the Ducker (Mana Stalker Monk)  Turns: 4744, Time: 00:08:04

Health: -1/51      AC: 11    Str: 15    XL:     8   Next: 37%
Magic:  10/10      EV:  6    Int: 10    God:
Gold:   269        SH:  0    Dex: 18    Spells: 7/7 levels left

rFire    . . .     GDR:     29% b - +1 dagger (venom)
rCold    . . .     SeeInvis .   (no shield)
rNeg     . . .     Gourm    .   u - +0 chain mail
rPois    +         Faith    .   c - +0 hat
rElec    .         Spirit   .   (no cloak)
rCorr    .         Reflect  .   (no gloves)
MR       +....                  y - +2 pair of boots
Stlth    ..........             x - amulet of inaccuracy (curse)
HPRegen  0.58/turn              z - ring of poison resistance
MPRegen  0.12/turn              (no ring)

@: lethally poisoned (-1 -> -1), hasted, constricted, very quick
A: fangs 3, magic resistance 1, regeneration 1, antimagic bite, no potion heal
3, rot immunity, strong jaws
a: no special abilities


You were in a sewer.
You were hungry.

You visited 1 branch of the dungeon, and saw 6 of its levels.
You also visited: Sewer.

You collected 269 gold pieces.

Inventory:

Hand Weapons
 a - a +0 hand axe
 b - a +1 dagger of venom (weapon)
Missiles
 o - 1254 stones (quivered)
 A - 448 sling bullets
Armour
 c - a +0 hat (worn)
 u - a +0 chain mail (worn)
 y - a +2 pair of boots (worn)
Jewellery
 d - an uncursed amulet of guardian spirit
 x - a cursed amulet of inaccuracy (around neck)
 z - a ring of poison resistance (left hand)
Scrolls
 f - 2 scrolls of amnesia {unknown}
 h - 3 scrolls of teleportation {unknown}
 j - a scroll of fear {unknown}
 l - 3 scrolls of enchant armour
 n - 4 scrolls of revelation {unknown}
 p - 2 scrolls of fog {unknown}
 r - a scroll of enchant weapon {unknown}
 s - a scroll of summoning {unknown}
 w - 2 scrolls of blinking {unknown}
Potions
 g - 4 potions of curing
 i - 3 potions of magic {unknown}
 k - a potion of mutation {unknown}
 m - 2 potions of cancellation
 t - a potion of heal wounds {unknown}
 v - a potion of flight
Comestibles
 e - 5 rations {!d}


   Skills:
 + Level 5.8 Fighting
 - Level 2.6 Axes
 + Level 6.9 Dodging
 - Level 3.0 Stealth
 + Level 5.3 Unarmed Combat
   Level 2.0 Invocations


You had 7 spell levels left.
You didn't know any spells.
Your spell library contained the following spells:

 Spells                   Type           Power        Failure   Level  Hunger
 Beastly Appendage        Tmut           #.....       100%        1    None
 Sting                    Conj/Pois      #...         100%        1    None
 Passwall                 Tmut/Erth      #.......     100%        2    ####...
 Poisonous Vapours        Pois/Air       #.....       100%        2    ####...
 Sticks to Snakes         Tmut           #.......     100%        2    ####...
 Ignite Poison            Fire/Tmut/Pois #.......     100%        3    #####..
 Spider Form              Tmut/Pois      #..          100%        3    #####..
 Ice Form                 Ice/Tmut       #.......     100%        4    ######.
 Olgreb's Toxic Radiance  Pois           #........    100%        4    ######.
 Summon Scorpions         Summ/Pois      #.......     100%        4    ######.
 Blade Hands              Tmut           #.........   100%        5    #######
 Venom Bolt               Conj/Pois      #.........   100%        5    #######


Dungeon Overview and Level Annotations

Branches:
Dungeon (6/12)
 Temple: D:4-7

Altars:
Ashenzari
Lugonu
Nemelex Xobeh
Qazlal
Xom

Shops:
D:4 %   D:6 (


Innate Abilities, Weirdness & Mutations

You have razor-sharp teeth.
You are resistant to hostile enchantments. (MR+)
Your natural rate of healing is unusually fast.
Your bite disrupts and absorbs the magic of your enemies.
Potions cannot restore your health.
You are immune to rotting.
Your bites deal extra damage.


Message History

Okay, then.
You puncture the bullfrog!
The bullfrog is poisoned.
The bullfrog is moderately wounded.
You feel sick.
The bullfrog hits you but does no damage.
The adder barely misses you. The ball python barely misses you.
The ball python constricts you. The adder bites you but does no damage.
The bullfrog hits you! The frilled lizard bites you.
The ball python bites you but does no damage.
The bullfrog hits you!
* * * LOW HITPOINT WARNING * * *
You feel yourself speed up.
You feel sick. The bullfrog hits you!
* * * LOW HITPOINT WARNING * * *
The adder bites you but does no damage. x2; The ball python closely misses you.
The ball python constricts you. The bullfrog hits you.
* * * LOW HITPOINT WARNING * * *
The frilled lizard barely misses you.
The ball python bites you but does no damage.
The bullfrog hits you.
You die...

#≈≈≈≈≈≈#####
#≈≈≈≈≈
#≈≈≈≈≈≈#
#≈≈≈÷≈
#≈≈≈≈≈≈#
#≈≈≈≈≈
#≈≈≈≈≈≈#
#≈≈≈≈≈
#≈≈≈≈≈≈#
#≈≈≈≈≈
#≈≈≈≈≈≈#
#≈..≈.
#≈≈≈≈≈≈#
#≈....
#≈SS≈≈≈#
#≈.≈..
#F@S≈≈≈#
#≈≈≈≈≈
#lFS≈≈≈#
#≈≈≈≈≈
#≈l≈≈≈≈#
#≈≈≈≈≈
#≈≈≈≈≈≈#
#≈≈≈≈≈
#≈≈≈≈≈≈#
#≈≈≈≈≈
#≈≈≈≈≈≈#
#≈≈≈≈≈
#≈≈≈#≈≈#
#≈≈≈≈≈
#..≈.≈.#
#....≈
#......#
#.....


You could see 2 bullfrogs, 2 adders, 2 ball pythons and 2 frilled lizards.

Vanquished Creatures
  An ogre (D:5)
  A phantom (D:5)
  A centaur (D:6)
  2 scorpions
  A jelly (D:6)
  2 orc priests (D:5)
  A howler monkey (D:3)
  3 crimson imps (D:4)
  3 hounds
  A bullfrog skeleton (D:6)
  An iguana (D:6)
  5 worker ants
  A killer bee zombie (D:3)
  A hound skeleton (D:6)
  6 adders
  4 river rats
  2 oozes
  4 worms
  3 dart slugs
  5 leopard geckos
  13 orcs
  7 giant cockroaches
  7 goblins
  14 hobgoblins
  A jackal (D:2)
  7 kobolds
  2 quokkas
  7 ball pythons (Sewer)
  4 bats
  7 frilled lizards
  3 jackal skeletons
  30 rats
150 creatures vanquished.

Notes
Turn   | Place    | Note
-------+----------+-------------------------------------------
     0 | D:1      | kosoiffoigrumme1174 the Vine Stalker Monk began the quest
                  | for the Orb.
     0 | D:1      | Reached XP level 1. HP: 13/13 MP: 3/3
    97 | D:1      | Reached XP level 2. HP: 18/18 MP: 4/4
   146 | D:1      | Reached skill level 1 in Unarmed Combat
   486 | D:1      | Reached XP level 3. HP: 23/23 MP: 5/5
   981 | D:2      | Found a sparkling altar of Nemelex Xobeh.
  1014 | D:2      | Reached skill level 4 in Dodging
  1038 | D:2      | Reached XP level 4. HP: 26/28 MP: 6/6
  1224 | D:2      | Found a corrupted altar of Lugonu.
  1664 | D:2      | Found a stormy altar of Qazlal.
  1924 | D:3      | Reached XP level 5. HP: 13/32 MP: 3/7
  2218 | D:3      | Found a shattered altar of Ashenzari.
  2567 | D:4      | Gained mutation: You have razor-sharp teeth. [Vine Stalker
                  | growth]
  2567 | D:4      | Reached XP level 6. HP: 34/38 MP: 6/8
  2609 | D:4      | Reached skill level 5 in Dodging
  2759 | D:5      | Entered Level 5 of the Dungeon
  2868 | D:4      | Found Puociw Wull's Food Boutique.
  2931 | D:4      | Reached XP level 7. HP: 44/44 MP: 9/9
  3375 | D:5      | Found a shimmering altar of Xom.
  3375 | D:5      | Found a shimmering altar of Xom.
  3692 | D:5      | Reached skill level 5 in Fighting
  3802 | D:5      | Reached skill level 6 in Dodging
  4298 | D:6      | Gained mutation: Your bite disrupts and absorbs the magic
                  | of your enemies. [Mana Stalker growth]
  4298 | D:6      | Gained mutation: You are resistant to hostile enchantments.
                  | (MR+) [Mana Stalker growth]
  4298 | D:6      | Reached XP level 8. HP: 40/49 MP: 9/10
  4338 | D:6      | Reached skill level 5 in Unarmed Combat
  4395 | D:6      | Found Muamuc's Antique Weapon Emporium.
  4431 | D:6      | Found a glowing drain.
  4438 | Sewer    | Entered a sewer
  4744 | Sewer    | HP: 2/51 [bullfrog (2)]
  4744 | Sewer    | Slain by a bullfrog

Skill      XL: |  1  2  3  4  5  6  7  8 |
---------------+-------------------------+-----
Unarmed Combat | 1 2 3 4 5 |  5.3
Fighting       | 3 4 5 |  5.8
Dodging        | 4 5 6 |  6.9
Axes           | |  2.6
Stealth        | |  3.0
Invocations    | |  2.0

Action                   |  1- 3 |  4- 6 |  7- 9 || total
-------------------------+-------+-------+-------++-------
Melee: Hand axe          |   100 |   205 |    47 ||   352
       Bite              |    10 |    27 |    58 ||    95
       Punch             |     1 |       |     6 ||     7
       Dagger            |       |       |   221 ||   221
Throw: Stone             |       |     6 |     6 ||    12
  Use: Scroll            |     1 |     1 |     6 ||     8
       Potion            |       |     1 |     1 ||     2
 Stab: Sleeping          |     2 |     1 |       ||     3
  Eat: Chunk             |     3 |     9 |     6 ||    18
       Ration            |       |     1 |     2 ||     3
Armor: Robe              |     3 |       |       ||     3
       Scale mail        |    26 |    14 |       ||    40
       Chain mail        |       |   100 |   172 ||   272
Dodge: Dodged            |    54 |   110 |   123 ||   287
